Map: Emerald City LE

Players

Zink - Winner!

  • Race: Protoss Protoss
  • Spawn Location: 11:00

Hellscream - Winner!

  • Race: Protoss Protoss
  • Spawn Location: 11:00

Massa

  • Race: Terran Terran
  • League: Platinum
  • Spawn Location: 5:00

qqq

  • Race: Zerg Zerg
  • Spawn Location: 5:00

VOD

Have the link to the VOD?

Description

Time

  • Played on: Oct. 3, 2020, 4:12 p.m.
  • Length: 12:56
Show
View Real Time Build Order
Export as new Build Order

Zink Protoss - Winner!

Build Orders: Phoenix Opening, Carriers 

Get SALT Encoding   

  12  0:00  Probe  
  13  0:12  Probe  
  14  0:20  Pylon  
  14  0:24  Probe  
  15  0:33  Assimilator  
  15  0:38  Probe (Chrono Boost)  
  16  0:44  Gateway  
  17  0:50  Probe (Chrono Boost)  
  17  0:57  Probe (Chrono Boost)  
  18  1:04  Probe  
  18  1:08  Assimilator  
  19  1:16  Probe  
  20  1:28  Probe  
  20  1:31  Cybernetics Core  
  21  1:34  Pylon  
  21  1:40  Probe  
  22  1:59  Nexus  
  22  2:13  Stargate  
  22  2:26  Protoss Air Weapons Level 1 (Chrono Boost)  
  22  2:28  Probe  
  23  2:33  Pylon  
  23  2:40  Probe  
  23  2:41  Assimilator  
  24  2:52  Stargate  
  24  2:53  Probe  
  25  3:05  Phoenix  
  27  3:15  Probe (Chrono Boost)  
  28  3:25  Probe (Chrono Boost)  
  29  3:30  Probe (Chrono Boost), Phoenix  
  32  3:41  Phoenix  
  32  3:42  Probe  
  35  3:54  Probe  
  35  3:55  Phoenix  
  38  4:06  Probe  
  39  4:24  Phoenix  
  39  4:28  Phoenix  
  43  4:39  Pylon  
  43  4:42  Shield Battery  
  43  4:47  Probe (Chrono Boost)  
  43  4:49  Assimilator  
  43  4:52  Phoenix  
  46  4:53  Oracle  
  46  4:58  Probe (Chrono Boost)  
  50  5:03  Probe x2 (Chrono Boost)  
  52  5:11  Shield Battery  
  52  5:13  Probe  
  54  5:14  Probe  
  50  5:25  Probe  
  50  5:26  Probe  
  50  5:38  Probe  
  48  5:53  Void Ray (Chrono Boost)  
  52  6:13  Pylon  
  52  6:18  Pylon  
  52  6:19  Pylon  
  52  6:23  Stargate  
  52  6:24  Fleet Beacon  
  52  6:25  Void Ray (Chrono Boost)  
  56  6:33  Void Ray (Chrono Boost)  
  56  6:40  Shield Battery  
  60  6:56  Void Ray (Chrono Boost)  
  54  7:47  Probe (Chrono Boost)  
  55  7:53  Carrier x3 (Chrono Boost)  
  55  7:56  Probe (Chrono Boost)  
  74  8:01  Probe (Chrono Boost)  
  74  8:02  Protoss Air Weapons Level 2 (Chrono Boost)  
  75  8:13  Probe  
  75  8:14  Nexus  
  76  8:25  Probe  
  77  8:57  Pylon  
  77  9:08  Probe  
  78  9:15  Carrier  
  84  9:20  Probe  
  85  9:25  Carrier  
  91  9:33  Probe  
  91  9:35  Probe  
  93  9:42  Pylon  
  93  9:45  Probe  
  94  9:47  Probe  
  89  9:57  Probe  
  89  9:59  Probe  
  87  10:11  Probe  
  82  10:19  Carrier (Chrono Boost)  
  88  10:23  Probe  
  95  11:01  Carrier (Chrono Boost)  
  101  11:06  Carrier (Chrono Boost)  
  107  11:20  Carrier (Chrono Boost)  
  107  11:31  Probe, Assimilator  
  108  11:34  Assimilator  
  108  11:37  Pylon  
  108  11:41  Pylon  
  108  11:43  Probe  
  109  11:55  Probe  
  122  12:53  Pylon  
Show
View Real Time Build Order
Export as new Build Order

Hellscream Protoss - Winner!

Build Orders:  

Get SALT Encoding   

  12  0:00  Probe  
  13  0:13  Probe  
  14  0:18  Pylon  
  14  0:25  Probe  
  15  0:37  Probe (Chrono Boost)  
  15  0:39  Gateway  
  16  0:48  Probe (Chrono Boost)  
  16  0:49  Assimilator  
  17  0:53  Probe (Chrono Boost)  
  18  1:03  Probe  
  19  1:15  Probe  
  20  1:27  Probe  
  20  1:28  Cybernetics Core  
  21  1:39  Probe  
  22  1:45  Nexus  
  22  1:51  Probe  
  23  1:57  Pylon  
  23  2:00  Assimilator  
  23  2:16  Probe  
  23  2:18  Stalker  
  23  2:19  Warp Gate  
  26  2:28  Probe  
  27  2:35  Pylon  
  27  2:40  Probe (Chrono Boost)  
  28  2:48  Sentry  
  31  2:52  Probe (Chrono Boost)  
  31  2:58  Probe (Chrono Boost)  
  31  3:00  Pylon  
  31  3:02  Probe (Chrono Boost)  
  33  3:06  Probe  
  34  3:13  Probe (Chrono Boost)  
  36  3:23  Probe (Chrono Boost)  
  36  3:24  Pylon  
  36  3:25  Probe (Chrono Boost)  
  36  3:26  Stalker  
  39  3:32  Probe (Chrono Boost)  
  39  3:33  Probe (Chrono Boost)  
  41  3:40  Probe  
  41  3:42  Probe  
  41  3:46  Gateway  
  42  3:49  Robotics Facility  
  42  3:52  Probe  
  42  3:53  Pylon  
  42  3:55  Probe  
  44  4:16  Probe x2  
  46  4:20  Stalker  
  46  4:23  Shield Battery  
  48  4:28  Probe  
  48  4:29  Probe  
  50  4:40  Probe  
  50  4:42  Nexus  
  50  4:43  Stalker  
  50  4:44  Pylon  
  50  4:45  Probe  
  54  4:49  Observer (Chrono Boost)  
  54  4:52  Pylon  
  55  4:53  Probe  
  55  4:56  Assimilator, Robotics Bay  
  55  4:58  Assimilator  
  56  5:02  Immortal (Chrono Boost)  
  56  5:05  Stalker  
  61  5:07  Shield Battery  
  61  5:16  Stalker  
  59  5:31  Stalker  
  59  5:35  Immortal (Chrono Boost)  
  65  5:42  Stalker  
  67  5:48  Extended Thermal Lance  
  65  5:57  Stalker  
  67  6:06  Probe x2  
  69  6:14  Colossus (Chrono Boost)  
  69  6:17  Nexus  
  75  6:18  Probe x2  
  75  6:19  Pylon  
  75  6:24  Forge  
  77  6:26  Nexus  
  77  6:27  Forge  
  77  6:29  Pylon  
  77  6:30  Probe x2  
  79  6:42  Probe  
  78  6:47  Probe  
  77  6:54  Probe  
  77  6:59  Probe (Chrono Boost)  
  75  7:07  Colossus (Chrono Boost)  
  74  7:09  Protoss Ground Weapons Level 1 (Chrono Boost), Protoss Ground Armor Level 1 (Chrono Boost)  
  74  7:11  Probe (Chrono Boost)  
  74  7:12  Probe (Chrono Boost)  
  81  7:18  Probe (Chrono Boost)  
  81  7:20  Probe (Chrono Boost)  
  83  7:23  Gateway  
  83  7:25  Gateway  
  83  7:27  Gateway  
  83  7:31  Probe  
  83  7:33  Robotics Facility  
  83  7:34  Pylon  
  84  7:37  Pylon  
  84  7:44  Assimilator  
  84  7:45  Probe  
  84  7:46  Probe x3  
  84  7:47  Assimilator  
  84  7:49  Pylon  
  88  7:53  Shield Battery, Stalker x2  
  88  7:58  Probe x4, Twilight Council  
  96  8:10  Probe x4  
  100  8:17  Stalker x2  
  104  8:22  Probe x4  
  108  8:32  Pylon  
  109  8:34  Probe  
  109  8:43  Gateway  
  109  8:45  Gateway x2  
  109  8:46  Gateway  
  109  8:47  Pylon  
  109  8:48  Colossus (Chrono Boost)  
  109  8:49  Gateway  
  109  8:51  Gateway  
  109  8:54  Gateway  
  115  8:57  Templar Archives  
  115  8:58  Gateway  
  115  9:03  Protoss Ground Weapons Level 2, Protoss Ground Armor Level 2  
  115  9:05  Zealot, Shield Battery  
  115  9:06  Charge (Chrono Boost), Zealot x4  
  115  9:07  Shield Battery  
  125  9:11  Colossus (Chrono Boost)  
  131  9:24  Assimilator x2  
  131  9:32  Zealot x5  
  141  9:40  Nexus  
  129  9:49  Zealot x2  
  129  9:50  Zealot x4  
  118  9:59  Probe, Pylon  
  108  10:00  Probe x3, Colossus x2  
  107  10:17  High Templar  
  107  10:18  High Templar x6  
  107  10:21  Zealot x5  
  127  10:22  Archon  
  127  10:23  Archon x2  
  131  10:35  Nexus  
  130  10:54  Zealot  
  130  10:55  Zealot x11  
  154  11:05  Pylon  
  154  11:16  High Templar  
  154  11:17  High Templar  
  157  11:23  Pylon  
  157  11:24  Pylon  
  157  11:30  Pylon  
  157  11:46  Assimilator  
  159  11:47  Observer x2 (Chrono Boost)  
  143  12:04  Colossus (Chrono Boost)  
  143  12:05  Colossus (Chrono Boost)  
  155  12:21  Zealot  
  155  12:22  Zealot x12  
Show
View Real Time Build Order
Export as new Build Order

Massa Terran 

Build Orders:  

Get SALT Encoding   

  12  0:00  SCV  
  13  0:12  SCV  
  14  0:23  Supply Depot  
  14  0:24  SCV  
  15  0:31  Refinery  
  15  0:45  SCV  
  15  0:47  Barracks  
  16  0:57  SCV  
  17  1:09  SCV  
  18  1:25  SCV  
  19  1:37  SCV  
  20  1:49  SCV  
  20  1:53  Reaper  
  22  1:58  Command Center  
  22  2:01  Orbital Command  
  22  2:19  Factory  
  22  2:24  Barracks  
  22  2:25  Marine  
  23  2:36  Supply Depot  
  23  2:39  Supply Depot  
  23  2:45  Barracks Reactor  
  23  2:58  SCV  
  24  3:04  Barracks  
  24  3:07  Barracks  
  24  3:09  Supply Depot  
  24  3:13  Supply Depot  
  24  3:17  Engineering Bay  
  24  3:19  Marine  
  24  3:30  Marine x2  
  24  3:34  Widow Mine  
  28  3:44  Orbital Command  
  28  3:48  Marine  
  29  4:07  Marine x2  
  29  4:08  Marine  
  32  4:13  Marine x2  
  33  4:21  Missile Turret  
  33  4:25  Marine x3  
  33  4:31  Marine  
  36  4:35  Hellion  
  36  4:38  Marine  
  40  4:42  Marine  
  41  4:45  Missile Turret  
  41  4:57  Hellion  
  43  5:08  Marine x5  
  48  5:26  Marine x4  
  48  5:27  Marine  
  42  5:43  Marine  
  42  5:44  Marine x2  
  39  5:53  Factory Tech Lab  
  39  5:55  Barracks Reactor, Barracks Tech Lab  
  38  6:01  Marine x2  
  38  6:02  SCV x2, Marine  
  38  6:04  Missile Turret  
  43  6:14  SCV, Marauder  
  43  6:15  SCV  
  43  6:17  Terran Infantry Weapons Level 1  
  47  6:19  Marine x2  
  47  6:24  Missile Turret  
  49  6:26  SCV  
  49  6:27  SCV  
  49  6:29  Missile Turret  
  49  6:31  Refinery, Barracks Reactor  
  51  6:35  Siege Tank  
  54  6:52  Stimpack  
  54  7:17  Missile Turret  
  54  7:22  Marauder, Marine x5  
  59  7:23  Marine  
  59  7:26  Cyclone  
  65  7:37  Missile Turret  
  65  7:39  Marine  
  65  7:40  Marine x4  
  70  7:49  Starport  
  70  7:56  Supply Depot  
  70  7:58  Supply Depot x3  
  70  8:12  Marine x2  
  70  8:17  Cyclone, Marauder  
  75  8:21  Marine x2  
  75  8:22  Supply Depot x2  
  77  8:31  Concussive Shells  
  77  8:38  Command Center  
  77  8:39  Marauder  
  79  8:46  Refinery  
  79  8:48  Refinery  
  79  8:49  Siege Tank  
  82  9:00  Marauder  
  84  9:09  Terran Infantry Armor Level 1  
  84  9:17  Armory  
  84  9:22  Marauder  
  42  10:15  Marauder, Marine  
  42  10:16  Marine x5  
  50  10:33  Marine x4  
  50  10:34  Marine x2  
  56  10:36  Marauder  
  56  10:39  Thor  
  64  10:47  SCV x2  
  66  10:51  Marine  
  67  10:58  Marauder  
  69  11:04  Medivac  
  69  11:10  Orbital Command  
  71  11:13  SCV x2  
  70  11:19  Marauder  
  70  11:25  SCV  
  73  11:28  Combat Shield  
  73  11:34  Medivac  
  75  11:40  Marauder  
  77  11:47  SCV x3  
  80  11:59  SCV x3  
  55  12:06  Marauder, Marine x6  
  55  12:08  Thor  
  58  12:11  SCV x2  
  58  12:12  SCV  
  58  12:13  Viking  
  63  12:23  SCV  
  63  12:24  SCV, Marine x4  
  63  12:27  Marauder, Marine  
Show
View Real Time Build Order
Export as new Build Order

qqq Zerg 

Build Orders: Hatch First, Roach Hydra, Swarm Host 

Get SALT Encoding   

  12  0:02  Drone  
  13  0:08  Drone  
  14  0:37  Hatchery  
  13  0:52  Spawning Pool  
  13  0:53  Drone  
  13  0:58  Drone  
  14  1:10  Overlord  
  14  1:16  Extractor, Drone  
  14  1:29  Drone x2  
  16  1:38  Drone  
  17  1:49  Drone  
  17  1:52  Roach Warren  
  17  2:02  Drone x2  
  19  2:11  Drone x2  
  19  2:12  Drone  
  22  2:20  Lair  
  22  2:23  Drone  
  22  2:27  Drone  
  24  2:36  Drone  
  25  2:39  Queen  
  27  2:45  Overlord  
  27  2:48  Drone  
  28  2:52  Overlord  
  28  3:04  Drone, Extractor  
  32  3:05  Roach x2  
  32  3:11  Roach  
  34  3:21  Roach  
  36  3:29  Glial Reconstitution  
  36  3:39  Extractor  
  35  3:42  Drone x3  
  35  3:43  Roach  
  35  3:47  Zergling x2  
  41  3:49  Hatchery  
  41  3:52  Roach  
  41  3:54  Drone  
  43  3:58  Overlord  
  43  4:13  Extractor, Queen  
  44  4:18  Drone x4  
  48  4:29  Drone x3  
  52  4:31  Drone  
  52  4:49  Hydralisk Den  
  51  4:53  Spore Crawler  
  51  4:56  Spore Crawler  
  49  5:01  Roach x2  
  49  5:03  Drone  
  49  5:04  Drone x3  
  52  5:31  Roach x3  
  52  5:32  Drone x2  
  52  5:33  Roach  
  52  5:34  Overlord x2  
  56  5:47  Hydralisk  
  56  5:49  Drone x2  
  58  5:53  Spore Crawler  
  57  5:58  Hydralisk  
  57  6:00  Grooved Spines  
  57  6:01  Spore Crawler  
  58  6:04  Drone  
  58  6:07  Drone x3  
  58  6:08  Drone, Hydralisk  
  65  6:17  Hatchery  
  65  6:18  Drone  
  65  6:23  Extractor, Hydralisk  
  66  6:29  Hydralisk  
  66  6:31  Drone x3  
  71  6:33  Drone  
  71  6:34  Hydralisk  
  71  6:37  Overlord  
  58  7:00  Hydralisk x4, Roach  
  68  7:06  Drone x3  
  71  7:10  Metabolic Boost  
  71  7:11  Muscular Augments  
  71  7:12  Drone x2  
  71  7:13  Drone  
  74  7:19  Evolution Chamber  
  74  7:21  Hydralisk x3  
  74  7:22  Hydralisk  
  81  7:23  Drone  
  82  7:35  Drone  
  82  7:36  Drone  
  84  7:42  Drone  
  84  7:43  Drone  
  86  7:46  Spore Crawler  
  86  7:48  Hydralisk  
  86  7:50  Overlord x5  
  87  8:01  Drone  
  87  8:04  Overlord  
  87  8:05  Zerg Missile Weapons Level 1  
  88  8:17  Drone, Hydralisk x4, Lurker Den  
  88  8:18  Drone x2  
  88  8:19  Drone  
  99  8:20  Drone  
  100  8:32  Infestation Pit  
  99  8:39  Drone x4  
  99  8:41  Roach  
  105  8:42  Zergling x2  
  105  8:47  Hatchery  
  105  8:49  Zergling x4  
  105  8:50  Drone x2  
  105  8:52  Hydralisk, Zergling x4  
  113  8:57  Zergling x6  
  113  8:58  Zergling x2  
  113  8:59  Zergling x2  
  113  9:00  Drone  
  113  9:01  Drone  
  120  9:03  Overlord  
  120  9:19  Swarm Host  
  120  9:20  Nydus Network, Swarm Host  
  120  9:21  Swarm Host  
  120  9:22  Swarm Host x3  
  137  9:24  Swarm Host  
  140  9:32  Swarm Host  
  97  9:59  Zerg Ground Armor Level 1  
  89  10:12  Hydralisk x3  
  89  10:13  Hydralisk x3  
  101  10:14  Drone x3  
  101  10:15  Drone x3  
  101  10:17  Drone x2  
  101  10:20  Nydus Canal  
  109  10:31  Pneumatized Carapace  
  109  10:57  Infestor x2  
  113  11:05  Extractor  
  113  11:06  Extractor  
  113  11:07  Extractor x2, Drone x2  
  113  11:08  Drone x7  
  113  11:11  Neural Parasite  
  118  11:12  Zergling x2  
  118  11:13  Zergling x8  
  123  11:23  Spine Crawler  
  123  11:24  Spine Crawler x2  
  123  11:25  Spine Crawler  
  108  11:26  Lurker  
  108  11:27  Spine Crawler  
  108  11:28  Zergling x4  
  108  11:29  Zergling x4  
  89  11:53  Infestor x2  
  81  12:00  Zergling x2  
  81  12:01  Zergling x6  
  84  12:10  Drone x3  
  87  12:17  Hatchery  
  87  12:19  Hatchery, Infestor  
Tags
 
Add a new tag
Caveats
  • Supply blocks, unpowered buildings, or Contaminate may cause inaccurate times.
  • Supply counts are checked every 10 seconds.